NYP
LOS ANGELES (NYP) ANGELS @ STATEN ISLAND YANKEES
05/07/2048
 
TOP OF THE 1ST
Los Angeles (NYP) Angels batting - Pitching for Staten Island Yankees : RHP Ben Cunningham
Pitching: RHP Ben Cunningham
Batting: RHB Nick Lombardo 0-0: SOLO HOME RUN (Flyball, 78XD, EV 99.4 MPH), Distance : 414 ft
Batting: RHB Khalil Thurston 0-0: Called Strike
0-1: Ball
1-1: Ball
2-1: SINGLE (Line Drive, 8RS, EV 93.8 MPH)
Batting: LHB Dave Hicks 0-0: Ball
1-0: Ball
2-0: Swinging Strike
2-1: Fly out, F9 (Line Drive, 89M, EV 93.8 MPH)
Batting: LHB Mutsuo IIda 0-0: Called Strike
0-1: Ball
1-1: Swinging Strike
1-2: Ball
2-2: Strikes out looking
Khalil Thurston is caught stealing 2nd base 2-6
Batter strikes out.
Top of the 1st over - 1 run, 2 hits, 0 errors, 0 left on base; Los Angeles (NYP) 1 - Staten Island 0
BOTTOM OF THE 1ST
Staten Island Yankees batting - Pitching for Los Angeles (NYP) Angels : LHP Si-hun Yi
Pitching: LHP Si-hun Yi
Batting: LHB Dario Segura 0-0: Ball
1-0: Ball
2-0: Called Strike
2-1: Foul Ball, location: 2F
2-2: Strikes out swinging
Batting: SHB Adam Slade 0-0: Ball
1-0: SINGLE (Line Drive, 4MD, EV 98.8 MPH)
Batting: RHB Pat Pemberton 0-0: Foul Ball, location: 2F
0-1: Ball
1-1: Ball
2-1: Fly out, F9 (Flyball, 9, EV 93.1 MPH)
Batting: RHB Brad Wren 0-0: Fly out, F1 (Line Drive, P, EV 68.8 MPH)
Bottom of the 1st over - 0 runs, 1 hit, 0 errors, 1 left on base; Los Angeles (NYP) 1 - Staten Island 0
TOP OF THE 2ND
Los Angeles (NYP) Angels batting - Pitching for Staten Island Yankees : RHP Ben Cunningham
Batting: RHB T.J. Gray 0-0: Foul Ball, location: 2F
0-1: Ball
1-1: Foul Ball, location: 2F
1-2: Strikes out looking
Batting: RHB Dean LeCroy 0-0: Swinging Strike
0-1: Ground out 5-3 (Groundball, 56S, EV 83.8 MPH)
Batting: LHB Mario Anguiano 0-0: Swinging Strike
0-1: Fly out, F7 (Flyball, 7LD, EV 85.6 MPH)
Top of the 2nd over - 0 runs, 0 hits, 0 errors, 0 left on base; Los Angeles (NYP) 1 - Staten Island 0
BOTTOM OF THE 2ND
Staten Island Yankees batting - Pitching for Los Angeles (NYP) Angels : LHP Si-hun Yi
Batting: RHB Jon Pierce 0-0: DOUBLE (Line Drive, 9LM, EV 95.0 MPH) - OUT at third base trying to stretch hit.
Batting: RHB Matt Thompson 0-0: Called Strike
0-1: Swinging Strike
0-2: DOUBLE (Groundball, 5L, EV 103.8 MPH)
Batting: LHB Mike Schermerhorn 0-0: Ball
1-0: Called Strike
1-1: Foul Ball, location: 2F
1-2: Strikes out swinging
Batting: RHB Jesus Ruiz 0-0: Foul Ball, location: 2F
0-1: Ground out U3 (Groundball, 34, EV 102.5 MPH)
Bottom of the 2nd over - 0 runs, 2 hits, 0 errors, 1 left on base; Los Angeles (NYP) 1 - Staten Island 0
TOP OF THE 3RD
Los Angeles (NYP) Angels batting - Pitching for Staten Island Yankees : RHP Ben Cunningham
Batting: RHB Wilford Harper 0-0: Ball
1-0: Ball
2-0: Ground out 4-3 (Groundball, 4, EV 83.1 MPH)
Batting: SHB Yuya Hirata 0-0: Ball
1-0: Called Strike
1-1: Swinging Strike
1-2: Ball
2-2: Foul Ball, location: 2F
2-2: Ball
3-2: Strikes out swinging
Batting: RHB Nick Lombardo 0-0: Ball
1-0: Ground out 6-3 (Groundball, 56, EV 80.6 MPH)
Top of the 3rd over - 0 runs, 0 hits, 0 errors, 0 left on base; Los Angeles (NYP) 1 - Staten Island 0
BOTTOM OF THE 3RD
Staten Island Yankees batting - Pitching for Los Angeles (NYP) Angels : LHP Si-hun Yi
Batting: RHB Daniel Underhay 0-0: Ball
1-0: Ball
2-0: Fly out, F8 (Flyball, 8RXD, EV 103.8 MPH)
Batting: LHB Dario Segura 0-0: Ball
1-0: SINGLE (Flyball, 56D, EV 91.9 MPH)
Batting: SHB Adam Slade Balk!
Dario Segura to second
0-0: Ball
Dario Segura steals 3rd, throwing error, E2
Dario Segura scores
1-0: Fly out, F8 (Flyball, 8LM, EV 83.1 MPH)
Batting: RHB Pat Pemberton 0-0: Hit by Pitch
Batting: RHB Brad Wren 0-0: Ball
1-0: DOUBLE (Line Drive, 8RXD, EV 111.9 MPH)
Pat Pemberton to third
Runner from 3rd tries for Home, SAFE, no throw by CF
Batting: RHB Jon Pierce 0-0: Called Strike
0-1: Fly out, F8 (Flyball, 8LD, EV 83.1 MPH)
Bottom of the 3rd over - 2 runs, 2 hits, 1 error, 1 left on base; Los Angeles (NYP) 1 - Staten Island 2
TOP OF THE 4TH
Los Angeles (NYP) Angels batting - Pitching for Staten Island Yankees : RHP Ben Cunningham
Batting: RHB Khalil Thurston 0-0: Ball
1-0: Swinging Strike
1-1: Foul Ball, location: 2F
1-2: Strikes out swinging
Batting: LHB Dave Hicks 0-0: SINGLE (Groundball, 6MD, EV 104.4 MPH) (infield hit)
Batting: LHB Mutsuo IIda 0-0: Foul Ball, location: 2F
0-1: Ball
1-1: Ball
2-1: Fielders Choice at 2nd, 4-6 (Groundball, 34, EV 102.5 MPH)
Batting: RHB T.J. Gray 0-0: Ball
Pickoff Throw to First - Out! 1-3 CS
Top of the 4th over - 0 runs, 1 hit, 0 errors, 0 left on base; Los Angeles (NYP) 1 - Staten Island 2
BOTTOM OF THE 4TH
Staten Island Yankees batting - Pitching for Los Angeles (NYP) Angels : LHP Si-hun Yi
Batting: RHB Matt Thompson 0-0: Ball
1-0: Ball
2-0: Foul Ball, location: 2F
2-1: Swinging Strike
2-2: SINGLE (Line Drive, 5D, EV 95.6 MPH)
Batting: LHB Mike Schermerhorn 0-0: Fly out, F7 (Flyball, 78D, EV 101.9 MPH)
Batting: RHB Jesus Ruiz 0-0: Swinging Strike
0-1: Ball
1-1: Ball
Passed Ball!
Matt Thompson to second
2-1: Swinging Strike
2-2: Ball
3-2: Strikes out swinging
Batting: RHB Daniel Underhay 0-0: Called Strike
0-1: DOUBLE (Line Drive, 9LD, EV 101.9 MPH)
Matt Thompson scores
Batting: LHB Dario Segura 0-0: Ball
1-0: Swinging Strike
1-1: Called Strike
1-2: Ball
Passed Ball!
Daniel Underhay to third
2-2: Foul Ball, location: 2F
2-2: Ball
3-2: Strikes out swinging
Bottom of the 4th over - 1 run, 2 hits, 0 errors, 1 left on base; Los Angeles (NYP) 1 - Staten Island 3
TOP OF THE 5TH
Los Angeles (NYP) Angels batting - Pitching for Staten Island Yankees : RHP Ben Cunningham
Batting: RHB T.J. Gray 0-0: Ball
1-0: Foul Ball, location: 2F
1-1: Reached on error, E6 (Groundball, 6, EV 84.4 MPH)
Batting: RHB Dean LeCroy 0-0: Called Strike
0-1: Ball
T.J. Gray steals 2nd, throwing error, E2
T.J. Gray to third
1-1: Ball
2-1: Foul Ball, location: 2F
2-2: Foul Ball, location: 2F
2-2: Ball
3-2: Fly out, F3 (Popup, 34, EV 74.4 MPH)
Batting: LHB Mario Anguiano 0-0: Single, Error in OF, E8, batter to second base (Groundball, 4MD, EV 100.0 MPH)
T.J. Gray scores
Batting: RHB Wilford Harper 0-0: Ball
1-0: Ball
2-0: Ball
3-0: Called Strike
3-1: SINGLE (Groundball, 6D, EV 103.8 MPH)
Mario Anguiano to third
Batting: SHB Yuya Hirata 0-0: Swinging Strike
0-1: Fly out, F7 (Flyball, 7S, EV 73.8 MPH)
Batting: RHB Nick Lombardo 0-0: Called Strike
0-1: Swinging Strike
0-2: Ground out 5-3 (Groundball, 56, EV 110.0 MPH)
Top of the 5th over - 1 run, 2 hits, 3 errors, 2 left on base; Los Angeles (NYP) 2 - Staten Island 3
BOTTOM OF THE 5TH
Staten Island Yankees batting - Pitching for Los Angeles (NYP) Angels : LHP Si-hun Yi
Batting: SHB Adam Slade 0-0: Foul Ball, location: 2F
0-1: Ground out 6-3 (Groundball, 6M, EV 83.8 MPH)
Batting: RHB Pat Pemberton 0-0: Ball
1-0: Foul Ball, location: 2F
1-1: Called Strike
1-2: Foul Ball, location: 2F
1-2: Ball
2-2: Fly out, F8 (Flyball, 8LXD, EV 111.2 MPH)
Batting: RHB Brad Wren 0-0: Called Strike
0-1: Called Strike
0-2: Foul Ball, location: 2F
0-2: Strikes out looking
Bottom of the 5th over - 0 runs, 0 hits, 0 errors, 0 left on base; Los Angeles (NYP) 2 - Staten Island 3
TOP OF THE 6TH
Los Angeles (NYP) Angels batting - Pitching for Staten Island Yankees : RHP Ben Cunningham
Batting: RHB Khalil Thurston 0-0: Called Strike
0-1: Ball
1-1: DOUBLE (Line Drive, 89XD, EV 105.6 MPH)
Batting: LHB Dave Hicks 0-0: Ball
Khalil Thurston steals 3rd base
1-0: Fly out, F8 (Flyball, 8RD, EV 104.4 MPH)
Runner from 3rd tags up, SCORES, throw by CF
Batting: LHB Mutsuo IIda 0-0: Ball
1-0: Swinging Strike
1-1: Ball
2-1: Ball
3-1: Called Strike
3-2: Strikes out swinging
Batting: RHB T.J. Gray 0-0: Called Strike
0-1: Ball
1-1: Fly out, F8 (Line Drive, 8LD, EV 96.9 MPH)
Top of the 6th over - 1 run, 1 hit, 0 errors, 0 left on base; Los Angeles (NYP) 3 - Staten Island 3
BOTTOM OF THE 6TH
Staten Island Yankees batting - Pitching for Los Angeles (NYP) Angels : LHP Si-hun Yi
Batting: RHB Jon Pierce 0-0: Called Strike
0-1: Ball
1-1: Fly out, F9 (Flyball, 9D, EV 91.2 MPH)
Batting: RHB Matt Thompson 0-0: Called Strike
0-1: Ball
1-1: Ball
2-1: Ball
3-1: Foul Ball, location: 2F
3-2: Ground out U3 (Groundball, 34S, EV 88.8 MPH)
Batting: LHB Mike Schermerhorn 0-0: Ball
1-0: Swinging Strike
1-1: Called Strike
1-2: Strikes out swinging
Bottom of the 6th over - 0 runs, 0 hits, 0 errors, 0 left on base; Los Angeles (NYP) 3 - Staten Island 3
TOP OF THE 7TH
Los Angeles (NYP) Angels batting - Pitching for Staten Island Yankees : RHP Ben Cunningham
Batting: RHB Dean LeCroy 0-0: Ball
1-0: Ball
2-0: Ground out 5-3 (Groundball, 5, EV 85.0 MPH)
Batting: LHB Mario Anguiano 0-0: Called Strike
0-1: Called Strike
0-2: Foul Ball, location: 2F
0-2: Ball
1-2: Ball
2-2: Ball
3-2: Base on Balls
Batting: RHB Wilford Harper 0-0: Ball
1-0: Ball
2-0: Called Strike
2-1: SINGLE (Flyball, 6MD, EV 88.1 MPH)
Mario Anguiano to second
Batting: SHB Yuya Hirata 0-0: Ground out 5-3 (Groundball, P, EV 90.6 MPH)
Mario Anguiano to third
Wilford Harper to second
Pitching: RHP Nick Peters
Batting: RHB Nick Lombardo 0-0: Called Strike
0-1: Foul Ball, location: 2F
0-2: Ball
1-2: Ground out 6-3 (Groundball, 6M, EV 85.6 MPH)
Top of the 7th over - 0 runs, 1 hit, 0 errors, 2 left on base; Los Angeles (NYP) 3 - Staten Island 3
BOTTOM OF THE 7TH
Staten Island Yankees batting - Pitching for Los Angeles (NYP) Angels : LHP Si-hun Yi
Pitching: LHP Tyler MacLean
Batting: RHB Jesus Ruiz 0-0: Ball
1-0: Foul Ball, location: 2F
1-1: Called Strike
1-2: Strikes out swinging
Batting: RHB Daniel Underhay 0-0: Ball
1-0: Called Strike
1-1: Foul Ball, location: 2F
1-2: Foul Ball, location: 2F
1-2: DOUBLE (Groundball, 5L, EV 102.5 MPH)
Batting: SHB Tadaaki Kondo 0-0: Foul Ball, location: 2F
0-1: Ball
1-1: Ball
2-1: Ball
3-1: Foul Ball, location: 2F
3-2: Hit by Pitch
Batting: SHB Adam Slade 0-0: Ball
1-0: Ball
2-0: Ball
3-0: Called Strike
3-1: Fly out, F9 (Line Drive, 9, EV 86.9 MPH)
Batting: RHB Pat Pemberton 0-0: Ball
1-0: Ball
2-0: Ball
3-0: Base on Balls
Daniel Underhay to third
Tadaaki Kondo to second
Batting: RHB Brad Wren 0-0: Ground out 4-3 (Groundball, 4, EV 99.4 MPH)
Bottom of the 7th over - 0 runs, 1 hit, 0 errors, 3 left on base; Los Angeles (NYP) 3 - Staten Island 3
TOP OF THE 8TH
Los Angeles (NYP) Angels batting - Pitching for Staten Island Yankees : RHP Nick Peters
Batting: RHB Khalil Thurston 0-0: Ground out U3 (Groundball, 3, EV 104.4 MPH)
Batting: LHB Dave Hicks 0-0: Ball
1-0: Foul Ball, location: 2F
1-1: Ball
2-1: Called Strike
2-2: Strikes out swinging
Batting: LHB Mutsuo IIda 0-0: Ball
1-0: Foul Ball, location: 2F
1-1: Foul Ball, location: 2F
1-2: Ball
2-2: Hit by Pitch
Batting: RHB T.J. Gray 0-0: Foul Ball, location: 2F
0-1: Ball
1-1: Called Strike
1-2: Ball
Mutsuo IIda is caught stealing 2nd base 2-4
Top of the 8th over - 0 runs, 0 hits, 0 errors, 0 left on base; Los Angeles (NYP) 3 - Staten Island 3
BOTTOM OF THE 8TH
Staten Island Yankees batting - Pitching for Los Angeles (NYP) Angels : LHP Tyler MacLean
Batting: RHB Jon Pierce 0-0: Called Strike
0-1: Called Strike
0-2: Foul Ball, location: 2F
0-2: Ball
1-2: Fly out, F8 (Flyball, 8LM, EV 88.1 MPH)
Batting: RHB Matt Thompson 0-0: Ball
1-0: Ball
2-0: Ball
3-0: Base on Balls
Pitching: RHP Matt Doherty
Batting: LHB Mike Schermerhorn 0-0: Fielders Choice at 2nd, 4-6 (Groundball, 4S, EV 85.6 MPH)
Batting: RHB Jesus Ruiz 0-0: Foul Ball, location: 2F
0-1: Ball
1-1: Foul Ball, location: 2F
1-2: Fielders Choice at 2nd, U4 (Groundball, 4M, EV 84.4 MPH)
Bottom of the 8th over - 0 runs, 0 hits, 0 errors, 1 left on base; Los Angeles (NYP) 3 - Staten Island 3
TOP OF THE 9TH
Los Angeles (NYP) Angels batting - Pitching for Staten Island Yankees : RHP Nick Peters
Batting: RHB T.J. Gray 0-0: Ball
1-0: Ball
2-0: Ball
3-0: Base on Balls
Batting: RHB Dean LeCroy 0-0: Ball
1-0: Ball
2-0: Ball
3-0: Called Strike
3-1: Base on Balls
T.J. Gray to second
Batting: LHB Mario Anguiano 0-0: Called Strike
0-1: Ball
1-1: Foul Ball, location: 2F
1-2: Ball
2-2: Ball
3-2: Strikes out looking
Batting: RHB Wilford Harper 0-0: Ball
1-0: Foul Ball, location: 2F
1-1: Ball
2-1: Foul Ball, location: 2F
2-2: Foul Ball, location: 2F
2-2: Ball
3-2: Foul Ball, location: 2F
3-2: Base on Balls
T.J. Gray to third
Dean LeCroy to second
Pitching: LHP Colin Scott
Pinch Hitting: LHB Edgar van der Meeren 0-0: Ball
1-0: Ball
2-0: Ball
3-0: Base on Balls
T.J. Gray scores
Dean LeCroy to third
Wilford Harper to second
Batting: RHB Nick Lombardo 0-0: Foul Ball, location: 2F
0-1: Swinging Strike
0-2: Ball
1-2: Strikes out swinging
Batting: RHB Khalil Thurston 0-0: Ball
1-0: GRAND SLAM HOME RUN (Flyball, 78XD, EV 98.8 MPH), Distance : 409 ft
Batting: LHB Dave Hicks 0-0: Ball
1-0: Ball
2-0: Foul Ball, location: 2F
2-1: SOLO HOME RUN (Flyball, 9LD, EV 97.5 MPH), Distance : 355 ft
Batting: LHB Mutsuo IIda 0-0: Ball
1-0: Called Strike
1-1: Ball
2-1: Ball
3-1: Base on Balls
Pitching: RHP Nate LaCava
Batting: RHB T.J. Gray 0-0: Ball
1-0: Called Strike
1-1: Called Strike
1-2: Ball
Mutsuo IIda steals 2nd, throwing error, E2
Mutsuo IIda to third
2-2: Strikes out swinging
Top of the 9th over - 6 runs, 2 hits, 1 error, 1 left on base; Los Angeles (NYP) 9 - Staten Island 3
BOTTOM OF THE 9TH
Staten Island Yankees batting - Pitching for Los Angeles (NYP) Angels : RHP Matt Doherty
Now at 2B: Nick Lombardo
Now at SS: Ron Major
Batting: RHB Daniel Underhay 0-0: Foul Ball, location: 2F
0-1: Ball
1-1: Swinging Strike
1-2: Ball
2-2: Ground out 6-3 (Groundball, 6S, EV 70.6 MPH)
Batting: SHB Tadaaki Kondo 0-0: Called Strike
0-1: Foul Ball, location: 2F
0-2: Ball
1-2: Strikes out swinging
Batting: SHB Adam Slade 0-0: Ball
1-0: DOUBLE (Groundball, 3L, EV 105.0 MPH)
Batting: RHB Pat Pemberton 0-0: Swinging Strike
0-1: Foul Ball, location: 2F
0-2: Foul Ball, location: 2F
0-2: Foul Ball, location: 2F
0-2: Foul Ball, location: 2F
0-2: Foul Ball, location: 2F
0-2: Ball
1-2: Strikes out looking
Bottom of the 9th over - 0 runs, 1 hit, 0 errors, 1 left on base; Los Angeles (NYP) 9 - Staten Island 3
Tuesday, March 28th , 2023 - OOTP Baseball 23.10 Build 110